 Dungeon Crawl Stone Soup version 0.21.1-1-g345015f (webtiles) character file.

403 snakesoul the Cudgeler (level 6, -7/40 HPs)
             Began as a Gargoyle Fighter on July 28, 2018.
             Splashed by Ijyb's acid (13 damage)
             ... on level 3 of the Dungeon.
             The game lasted 00:03:02 (1803 turns).

snakesoul the Cudgeler (Gargoyle Fighter)           Turns: 1803, Time: 00:03:03

Health: -7/40      AC:  7    Str: 22    XL:     6   Next: 86%
Magic:  6/6        EV:  7    Int:  8    God:
Gold:   148        SH:  9    Dex:  9    Spells: 5/5 levels left

rFire    . . .     SeeInvis .   p - +4 mace (protect)
rCold    . . .     Gourm    .   c - +0 shield
rNeg     + . .     Faith    .   b - +0 scale mail
rPois    ∞         Spirit   .   (no helmet)
rElec    +         Reflect  .   (no cloak)
rCorr    .         Harm     .   (no gloves)
MR       .....                  (no boots)
Stlth    ..........             (no amulet)
HPRegen  0.13/turn              (no ring)
MPRegen  0.10/turn              (no ring)

@: corroded
A: negative energy resistance 1, electricity resistance, unbreathing,
petrification resistance, rot immunity, AC +4
a: no special abilities


You were on level 3 of the Dungeon.
You were not hungry.

You visited 1 branch of the dungeon, and saw 3 of its levels.

You collected 148 gold pieces.

Inventory:

Hand Weapons
 a - a +0 flail
 p - a +4 mace of protection (weapon)
Armour
 b - a +0 scale mail (worn)
 c - a +0 shield (worn)
Scrolls
 g - a scroll of enchant armour {unknown}
 h - 2 scrolls of remove curse {unknown}
 i - a scroll of random uselessness {unknown}
 k - 2 scrolls of identify {unknown}
 m - a scroll of fear {unknown}
Potions
 d - 2 potions of might
 e - a potion of magic {unknown}
 j - a potion of haste {unknown}
 l - a potion of agility {unknown}
 o - a potion of curing {unknown}
Comestibles
 f - 6 rations
 n - 12 chunks of flesh


   Skills:
 + Level 5.3 Fighting
 * Level 5.9 Maces & Flails
 - Level 3.2 Armour
 - Level 3.2 Shields


You had 5 spell levels left.
You didn't know any spells.

Dungeon Overview and Level Annotations

Branches:
Dungeon (3/15)

Altars:
Hepliaklqana
Trog
Yredelemnul

Annotations:
D:3 Ijyb


Innate Abilities, Weirdness & Mutations

You are resistant to torment.
Your stone body is resilient. (AC +4)
You are immune to poison.
You resist negative energy. (rN+)
You are resistant to electric shocks. (rElec)
You can survive without breathing.
You are immune to petrification.
You are immune to rotting.


Message History

You see here a goblin corpse.
You see here a goblin corpse.
You butcher the goblin corpse.
n - 12 chunks of flesh (gained 3) Ijyb the Twisted Goblin comes into view.
Ijyb is nearby!
Ijyb shouts!
Ijyb screams, "Die!"
Things that are here:
a club; an orc corpse
Items here: ( ) [ ÷ a dagger; 40 stones; a ring mail; an orc skeleton
Things that are here:
a stone; a short sword; an orc skeleton You start resting.
Ijyb zaps a wand.
The bolt of acid misses you.
It is a wand of acid (3).
You closely miss Ijyb.
Ijyb zaps a wand.
The bolt of acid hits you!
* * * LOW HITPOINT WARNING * * *
The acid corrodes you!
You are splashed with acid!
The acid burns!
You die...

##....# #..
#.....#..#
#[....#.8
#....g..
#.....# #.....#
##
#....###.####
###
##..)##.....###
..
###)g@........
# ###
##.#..#.#### #
....##.........
##
#......##.###
##. ####...#.[#
#.) #..#...##
##.# #.###..#
##..# ...
#..#### #..##
...# #..)..###
##.##


You could see Ijyb.

Vanquished Creatures
  Grinder (D:3)
  The ghost of Ymberto the Changer, an amateur NaTm of Okawaru (D:3)
  An iguana (D:2)
  2 adders
  A worm (D:2)
  3 leopard geckos
  3 orcs (D:3)
  4 bats
  2 giant cockroaches
  10 goblins
  11 hobgoblins
  2 jackals (D:2)
  A ball python (D:2)
  6 frilled lizards
  3 kobolds
  8 rats
59 creatures vanquished.

Notes
Turn   | Place    | Note
-------+----------+-------------------------------------------
     0 | D:1      | snakesoul the Gargoyle Fighter began the quest for the Orb.
     0 | D:1      | Reached XP level 1. HP: 14/14 MP: 1/1
    27 | D:1      | Reached XP level 2. HP: 14/19 MP: 2/2
   590 | D:1      | Reached XP level 3. HP: 24/24 MP: 3/3
  1120 | D:2      | Reached XP level 4. HP: 29/29 MP: 4/4
  1167 | D:2      | Found a hazy altar of Hepliaklqana.
  1458 | D:2      | Found a bloodstained altar of Trog.
  1491 | D:2      | Found a basalt altar of Yredelemnul.
  1671 | D:3      | Noticed Ymberto's ghost (amateur NaTm)
  1689 | D:3      | Killed Ymberto's ghost
  1689 | D:3      | Reached XP level 5. HP: 33/34 MP: 5/5
  1732 | D:3      | Noticed Grinder
  1767 | D:3      | Killed Grinder
  1767 | D:3      | Reached skill level 5 in Fighting
  1767 | D:3      | Reached skill level 5 in Maces & Flails
  1767 | D:3      | Reached XP level 6. HP: 20/40 MP: 6/6
  1793 | D:3      | Noticed Ijyb
  1803 | D:3      | Splashed by Ijyb's acid

Skill      XL: |  1  2  3  4  5 |
---------------+----------------+-----
Maces & Flails | 3 4 5 |  5.9
Fighting       | 4 5 |  5.3
Armour         | |  3.2
Shields        | |  3.2

Action                   |  1- 3 |  4- 6 || total
-------------------------+-------+-------++-------
Melee: Flail             |    99 |   141 ||   240
       Mace              |       |     1 ||     1
  Eat: Chunk             |     1 |     2 ||     3
Armor: Scale mail        |    58 |    59 ||   117
Dodge: Dodged            |    27 |    40 ||    67
Block: Shield            |    50 |    79 ||   129
